 Dungeon Crawl Stone Soup version 0.30.0-10-gfe55d96785 (webtiles) character file.

Game seed: 2763394393310843380

1109 McKennaii the Conjurer (level 7, -4/50 HPs)
             Began as a Demigod Conjurer on May 14, 2023.
             Asphyxiated
             ... on level 6 of the Dungeon.
             The game lasted 00:05:52 (4193 turns).

McKennaii the Conjurer (Demigod Conjurer)           Turns: 4193, Time: 00:05:53

Health: -4/50      AC: 20    Str:  8    XL:     7   Next: 86%
Magic:  15/18      EV: 10    Int: 33    God:
Gold:   272        SH:  0    Dex: 12    Spells: 9/16 levels left

rFire   . . .        a - +1 dagger (protect)
rCold   . . .        (no shield)
rNeg    . . .        B - +3 ring mail "Kidamn" {Int+5}
rPois   .            p - +2 helmet
rElec   .            (no cloak)
rCorr   .            (no gloves)
SInv    .            (no boots)
Will    .....        f - amulet of magic regeneration
Stlth   +            c - +4 ring of protection
HPRegen 0.28/turn    e - +4 ring of protection
MPRegen 0.56/turn

%: no passive effects
@: lethally poisoned (-4 -> -23), slowed, very slow
A: high MP 1, forlorn, divine attributes
a: no special abilities


You were on level 6 of the Dungeon.
You visited 1 branch of the dungeon, and saw 6 of its levels.

You collected 272 gold pieces.

Inventory:

Hand Weapons
 a - a +1 dagger of protection (weapon)
Armour
 p - a +2 helmet (worn)
 B - the +3 ring mail "Kidamn" (worn) {Int+5}
   (You found it on level 4 of the Dungeon)

   Int:       It affects your intelligence (+5).
Jewellery
 c - a +4 ring of protection (left hand)
 e - a +4 ring of protection (right hand)
 f - an amulet of magic regeneration (around neck)
 r - a ring of fire
Wands
 x - a wand of roots (11)
 y - a wand of flame (23)
Scrolls
 d - a scroll of immolation {unknown}
 g - 2 scrolls of amnesia {unknown}
 i - 2 scrolls of enchant weapon {unknown}
 j - a scroll of poison {unknown}
 l - 2 scrolls of noise {unknown}
 m - a scroll of enchant armour {unknown}
 o - 4 scrolls of identify {unknown}
 s - 2 scrolls of fog {unknown}
 t - 2 scrolls of teleportation {unknown}
Potions
 b - 2 potions of magic
 h - 2 potions of degeneration {unknown}
 k - a potion of cancellation {unknown}
 q - 2 potions of lignification {unknown}
 u - a potion of heal wounds {unknown}
 v - a potion of attraction {unknown}
 z - 2 potions of curing {unknown}
 A - a potion of ambrosia {unknown}


   Skills:
 + Level 4.0 Armour
 - Level 1.7 Dodging
 - Level 1.7 Stealth
 + Level 5.1 Spellcasting
 + Level 6.5 Conjurations


You had 9 spell levels left.
You knew the following spells:

 Your Spells              Type           Power      Damage    Failure   Level
a - Magic Dart            Conj           100%       1d8       1%          1
b - Searing Ray           Conj           100%       2d8       1%          2
c - Iskenderun's Mystic   Conj/Tloc      30%        2d8       34%         4

Your spell library contained the following spells:

 Spells                   Type           Power      Damage    Failure   Level
 Dazzling Flash           Conj/Hex       60%        N/A       11%         3
 Stone Arrow              Conj/Erth      60%        3d10      11%         3
 Sandblast                Erth           16%        2d6       13%         1
 Passwall                 Tmut/Erth      6%         N/A       21%         2
 Fulminant Prism          Conj/Hex       15%        3d10      34%         4
 Summon Guardian Golem    Hex/Summ       8%         N/A       36%         3
 Teleport Other           Tloc           8%         N/A       36%         3
 Volatile Blastmotes      Fire/Tloc      16%        2d11      36%         3
 Lee's Rapid Deconstruct  Erth           4%         3d5*      98%         5
 Starburst                Conj/Fire      15%        6d6       99%         6
 Monstrous Menagerie      Summ           4%         N/A       100%        7


Dungeon Overview and Level Annotations

Branches:
Dungeon (6/15)             Temple (0/1) D:4


Innate Abilities, Weirdness & Mutations

You have an increased reservoir of magic. (+10% MP)
You shall have no god before yourself.
Your divine heritage dramatically boosts your attributes as you level up.


Message History

You have difficulty breathing.
You feel as though you will be slow longer.
The kobold throws a stone.
The stone hits you but does no damage.
Casting: Searing Ray (safe; 1% risk of failure)
Confirm with . or Enter, or press ? or * to list all spells.
Restarting spell: Searing Ray (safe; 1% risk of failure)
Press: ? - help, Shift-Dir - straight line, f - kobold brigand
Aim: a kobold brigand, wielding a +0 dagger and quivering curare-tipped darts (lightly wounded, 79% to hit)
The searing ray hits the kobold brigand.
The kobold brigand is moderately wounded. (Press . to maintain the ray.)
You feel very sick.
The searing ray hits the kobold!
You kill the kobold!
The searing ray hits the kobold brigand!
The kobold brigand is severely wounded.
The searing ray hits the kobold.
You kill the kobold!
You feel very sick.
The searing ray hits the kobold!
You kill the kobold!
The searing ray hits the kobold brigand but does no damage.
The kobold brigand is severely wounded.
You feel sick.
The kobold brigand throws a curare-tipped dart.
The curare-tipped dart hits you.
You are more poisoned.
You have difficulty breathing.
* * * LOW HITPOINT WARNING * * *
You feel as though you will be slow longer.
The searing ray hits the kobold brigand!
The kobold brigand is almost dead.
You finish channelling your searing ray.
* * * LOW HITPOINT WARNING * * *
You feel very sick.
The kobold brigand throws a curare-tipped dart.
The curare-tipped dart hits you.
You are more poisoned.
You have difficulty breathing.
You die...

.....<..#......)..........#
........#..†..##..........#
..............##..........#
..#<..........##..........#
# #.#.........#...#########
#.......#.......'...#
.###.##.#.......###.# #.
#<#..##.#.#....#.#
#.#.#@##.#.# . #.#)##...#
#K###### ... ..).. ......#
K......# .......$#
..........


You could see a kobold brigand.

Vanquished Creatures
  A water moccasin (D:6)
  An orc warrior (D:5)
  An ogre (D:6)
  A phantom (D:5)
  2 scorpions (D:5)
  2 hounds (D:5)
  A sleepcap (D:5)
  3 orc priests (D:5)
  3 iguanas
  3 orc wizards (D:5)
  Robin (D:2)
  4 gnolls (D:4)
  9 adders
  A white imp (D:5)
  3 worms
  4 dart slugs
  21 orcs (D:5)
  8 ball pythons
  5 endoplasms
  2 giant cockroaches
  18 goblins
  11 hobgoblins
  14 jackals
  11 kobolds
  3 quokkas
  7 bats
  5 frilled lizards
  6 rats
151 creatures vanquished.

Notes
Turn   | Place    | Note
-------+----------+-------------------------------------------
     0 | D:1      | McKennaii the Demigod Conjurer began the quest for the Orb.
     0 | D:1      | Reached XP level 1. HP: 14/14 MP: 5/5
   398 | D:1      | Reached XP level 2. HP: 20/20 MP: 1/7
   648 | D:1      | Reached skill level 4 in Conjurations
   874 | D:1      | Reached XP level 3. HP: 26/26 MP: 7/9
  1091 | D:2      | Learned a level 2 spell: Searing Ray
  1277 | D:2      | Noticed Robin
  1299 | D:2      | Killed Robin
  1393 | D:2      | Reached XP level 4. HP: 33/33 MP: 7/11
  1830 | D:2      | Learned a level 4 spell: Iskenderun's Mystic Blast
  2125 | D:3      | Reached XP level 5. HP: 38/38 MP: 9/13
  2212 | D:3      | Identified the +1 pair of boots of Magic {MP+9 Int-3
                  | Stlth+}
  2294 | D:4      | Reached skill level 5 in Conjurations
  2332 | D:4      | Got the Almanac of the Relocated Escort
  2413 | D:4      | Reached skill level 1 in Armour
  2526 | D:4      | Found a staircase to the Ecumenical Temple.
  2580 | D:4      | Identified the +0 ring mail of Resilience {rC+ rN++ Slay-4}
  2671 | D:4      | Identified the +3 ring mail "Kidamn" {Int+5}
  2854 | D:5      | Entered Level 5 of the Dungeon
  2870 | D:5      | Reached XP level 6. HP: 43/45 MP: 3/15
  3199 | D:5      | Reached XP level 7. HP: 50/50 MP: 9/17
  3336 | D:5      | Reached skill level 6 in Conjurations
  4131 | D:6      | Reached skill level 5 in Spellcasting
  4193 | D:6      | Asphyxiated

Illustrated notes

Levels and vault maps discovered:
D:1:      dpeg_arrival_circle_labyrinth_c, layout_basic, serial_glass,
          glass_columns_a, glass_columns_b, ebering_ecumenical_altar_mist
D:2:      layout_basic, uniq_robin
D:3:      layout_basic, nicolae_qazlal_eye_of_the_storm
D:4:      layout_basic, temple_hall
D:5:      layout_cave_pools, nzn_wu_jian_contemplation, serial_co_window_serial,
          co_window_paths_b, co_window_of_opportunity_a, co_window_paths_a,
          co_window_paths_b, co_window_corner_a, co_window_paths_b,
          co_window_corner_a, co_window_cross_1, co_window_corner_a,
          co_window_corner_cb, co_window_of_opportunity_b, co_window_broadway_a,
          co_window_corner_cb, co_window_2corner, co_window_unsneaky_path_a,
          glass_columns_b, glass_columns_b
D:6:      layout_basic, nicolae_overflow_squiral, serial_shops, shop,
          st_stairs_11, hangedman_abyss_or_decor_stabs, uniq_edmund,
          uniq_grinder

Skill      XL: |  1  2  3  4  5  6  7 |
---------------+----------------------+-----
Spellcasting   | 2 3 4 5 |  5.1
Conjurations   | 4 5 6 |  6.5
Armour         | 2 4 |  4.0
Dodging        | |  1.7
Stealth        | |  1.7

Action                     |  1- 3 |  4- 6 |  7- 9 || total
---------------------------+-------+-------+-------++-------
  Melee: Short sword       |    11 |    27 |       ||    38
         Dagger            |       |       |     5 ||     5
   Cast: Magic Dart        |    92 |   114 |    44 ||   250
         Searing Ray       |     4 |    19 |    10 ||    33
 Armour: Robe              |    13 |     7 |       ||    20
         Ring mail         |       |    43 |    21 ||    64
  Dodge: Dodged            |    19 |    53 |    10 ||    82
